 Dungeon Crawl Stone Soup version 0.25-a0-598-gc9c9e4c (webtiles) character file.

Game seed: 13957354585445879325, levelgen mode: deterministic

2 BlueFish the Grasshopper (level 1, -1/19 HPs)
             Began as a Naga Warper on Mar 15, 2020.
             Slain by a hobgoblin
             ... wielding a cursed -3 club
              (2 damage)
             ... on level 1 of the Dungeon.
             The game lasted 00:00:15 (47 turns).

BlueFish the Grasshopper (Naga Warper)                Turns: 47, Time: 00:00:16

Health: -1/19      AC:  1    Str: 13    XL:     1   Next: 30%
Magic:  3/3        EV:  9    Int: 13    God:
Gold:   6          SH:  0    Dex: 10    Spells: 4/4 levels left

rFire    . . .     SeeInvis +   a - +0 spear
rCold    . . .     Gourm    .   (no shield)
rNeg     . . .     Faith    .   b - +0 leather armour
rPois    +         Spirit   .   (no helmet)
rElec    .         Reflect  .   (no cloak)
rCorr    .         Harm     .   (no gloves)
MR       .....                  (no barding)
Stlth    +.........             (no amulet)
HPRegen  0.06/turn              (no ring)
MPRegen  0.08/turn              (no ring)

@: very slow
A: large, see invisible, deformed body, poison resistance, slowness 2, slow
metabolism 1, spit poison 1, AC +0
a: Spit Poison


You were on level 1 of the Dungeon.
You were not hungry.

You visited 1 branch of the dungeon, and saw 1 of its levels.

You collected 6 gold pieces.

Inventory:

Hand Weapons
 a - a +0 spear (weapon)
Missiles
 e - 5 boomerangs of dispersal (quivered)
Armour
 b - a +0 leather armour (worn)
Scrolls
 d - a scroll of blinking
Comestibles
 f - a ration


   Skills:
 + Level 2.1 Fighting
 + Level 2.0 Polearms
 + Level 0.8 Throwing
 + Level 0.8 Armour
 + Level 1.5 Dodging
 + Level 2.0 Spellcasting
   Level 3.0 Translocations


You had 4 spell levels left.
You didn't know any spells.
Your spell library contained the following spells:

 Spells                   Type           Power        Failure   Level  Hunger
 Blink                    Tloc           N/A          14%         2    ###....
 Shroud of Golubria       Chrm/Tloc      #.....       26%         2    ###....
 Gell's Gravitas          Tloc           #.........   28%         3    ####...
 Lesser Beckoning         Tloc           #.........   28%         3    ####...
 Teleport Other           Tloc           #.......     28%         3    ####...
 Passage of Golubria      Tloc           N/A          67%         4    #####..


Dungeon Overview and Level Annotations

Branches:
Dungeon (1/15)

Altars:


Innate Abilities, Weirdness & Mutations

You cannot wear boots.
Your serpentine skin is tough. (AC +0)
You have supernaturally acute eyesight. (SInv)
Armour fits poorly on your strangely shaped body.
Your system is resistant to poisons. (rPois)
You cover ground very slowly.
You have a slow metabolism.
You can spit poison.


Message History

You closely miss the hobgoblin. The hobgoblin barely misses you.
The goblin closely misses you.
A dart slug comes into view.
The goblin barely misses you. The hobgoblin barely misses you.
The hobgoblin hits you with a cursed -2 club.
The goblin hits you.
The hobgoblin hits you but does no damage.
The goblin hits you.
* * * LOW HITPOINT WARNING * * *
The goblin barely misses you.
You hit the goblin.
The goblin is severely wounded.
The goblin hits you.
* * * LOW HITPOINT WARNING * * *
You hit the goblin.
You kill the goblin!
You hit the hobgoblin but do no damage.
The hobgoblin hits you with a cursed -3 club.
You die...

.... .... ....
##### .w. ####...#
#.# #..#@#<# ##..#
#.##g######..#
#...g.....w.#
####........##
#...........?#
#.##.###...#.).#
#..#.#.#.#.......>#
####...#.#####.#..#
#####.. .# .#


You could see 2 hobgoblins.

Vanquished Creatures
  A goblin (D:1)
  A kobold (D:1)
2 creatures vanquished.

Notes
Turn   | Place    | Note
-------+----------+-------------------------------------------
     0 | D:1      | BlueFish the Naga Warper began the quest for the Orb.
     0 | D:1      | Reached XP level 1. HP: 19/19 MP: 3/3
    47 | D:1      | Slain by a hobgoblin

Levels and vault maps discovered:
D:1:      onia_arrival_mini_spirals, layout_rooms, minmay_ruptured

Action                   || total
-------------------------++-------
Melee: Spear             ||     7
Dodge: Dodged            ||     6

Table legend:
 A = Non-vault XP
 B = Vault XP
 C = Vault XP percentage of total XP
 D = Non-vault monster count
 E = Vault monster count
 F = Vault count percentage of total count
                 A         B        C        D         E       F
            +---------+---------+-------+---------+---------+-------
      Total |       3 |       0 |   0.0 |       2 |       0 |   0.0
            +---------+---------+-------+---------+---------+-------
        D:1 |       3 |       0 |   0.0 |       2 |       0 |   0.0
            +---------+---------+-------+---------+---------+-------
